 Dungeon Crawl Stone Soup version 0.23-a0-767-gdc19b93d68 (webtiles) character file.

1435781 Flugkiller the Ruinous (level 26, 132/239 HPs)
             Began as a Purple Draconian Wizard on Jan 21, 2019.
             Was the Champion of Sif Muna.
             Escaped with the Orb
             ... and 3 runes on Jan 22, 2019!
             The game lasted 03:30:55 (100488 turns).

Flugkiller the Ruinous (Purple Draconian Wizard)  Turns: 100488, Time: 03:30:56

Health: 132/239    AC: 26    Str: 17    XL:     26   Next: 90%
Magic:  38/44      EV: 27    Int: 46    God:    Sif Muna [******]
Gold:   3045       SH:  7    Dex: 10    Spells: 5/70 levels left

rFire    + + .     SeeInvis .   t - +6 spear of Spring {speed, *Drain +Rage rPois Int+9}
rCold    + . .     Gourm    .   Z - +3 buckler {AC+3}
rNeg     . . .     Faith    .   (armour unavailable)
rPois    +         Spirit   .   S - +2 hat {MR+}
rElec    +         Reflect  .   k - +2 cloak
rCorr    .         Harm     .   F - +2 pair of gloves {Dex+3}
MR       +++++                  B - +2 pair of boots of the Komtur {+Blink rF+ Regen+ Stlth-}
Stlth    +.........             Y - amulet "Cics" {MR+ Regen+ Int+10 Dex-5}
HPRegen  1.29/turn              O - ring of Phasing {EV+8}
MPRegen  0.29/turn              l - ring "Riloiwno" {rF+ rC+ Str+4 Int+2}

@: divine energy
A: breathe power, unfitting armour, blurry vision 1, dopey 1, low mp 1,
electricity resistance, strong 1, cold-blooded, AC +12
0: Orb of Zot
}: 3/15 runes: decaying, serpentine, slimy
a: Breathe Dispelling Energy, Stop Divine Energy, Channel Magic, Forget Spell,
Renounce Religion, Evoke Blink, Evoke Berserk Rage


You escaped.
You worshipped Sif Muna.
Sif Muna was exalted by your worship.
You were not hungry.

You visited 10 branches of the dungeon, and saw 53 of its levels.
You also visited: Gauntlet and Ice Cave.

You collected 6010 gold pieces.
You spent 2965 gold pieces at shops.

Inventory:

Hand Weapons
 t - the +6 spear of Spring (weapon) {speed, *Drain +Rage rPois Int+9}
   (You took it off a spriggan berserker on level 4 of the Depths)

   Attacks with this weapon are significantly faster.
   It affects your intelligence (+9).
   It protects you from poison.
   It lets you go berserk.
   It causes draining when unequipped.
Missiles
 W - 4 throwing nets (quivered)
Armour
 k - a +2 cloak (worn)
   (You found it on level 13 of the Dungeon)
 B - the +2 pair of boots of the Komtur (worn) {+Blink rF+ Regen+ Stlth-}
   (You bought it in a shop on level 1 of the Elven Halls)

   It protects you from fire.
   It lets you blink.
   It increases your rate of regeneration.
   It makes you less stealthy.
 F - a +2 pair of gloves of dexterity (worn)
   (You found it on level 3 of the Elven Halls)
 S - a +2 hat of magic resistance (worn)
   (You found it on level 6 of the Lair of Beasts)
 Z - a +3 buckler of protection (worn)
   (You found it on level 1 of the Depths)
Magical Staves
 p - an uncursed staff of power
   (You found it on level 3 of the Elven Halls)
 X - an uncursed staff of cold
   (You found it on level 3 of the Elven Halls)
Jewellery
 b - a +5 amulet of reflection
   (You found it on level 2 of the Dungeon)
 l - the ring "Riloiwno" (right hand) {rF+ rC+ Str+4 Int+2}
   (You bought it in a shop on level 1 of the Snake Pit)

   [ring of protection from cold]

   It affects your strength (+4).
   It affects your intelligence (+2).
   It protects you from fire.
   It protects you from cold.
 w - an uncursed ring of see invisible
   (You found it on level 5 of the Dungeon)
 I - a +6 ring of intelligence
   (You found it on level 5 of the Pits of Slime)
 O - the ring of Phasing (left hand) {EV+8}
   (You took it off a deep elf elementalist on level 3 of the Elven Halls)

   [ring of evasion]

   It affects your evasion (+8).
 Q - an uncursed ring of wizardry
   (You found it in a Gauntlet)
 Y - the amulet "Cics" (around neck) {MR+ Regen+ Int+10 Dex-5}
   (You took it off a wizard on level 2 of the Depths)

   [amulet of regeneration]

   It affects your intelligence (+10).
   It affects your dexterity (-5).
   It affects your resistance to hostile enchantments.
   It increases your rate of regeneration.
Wands
 g - a wand of flame (21)
   (You found it on level 5 of the Depths)
 j - a wand of iceblast (35)
   (You took it off Ijyb on level 1 of the Dungeon)
 o - a wand of clouds (10)
   (You found it on level 1 of the Snake Pit)
 u - a wand of acid (21)
   (You found it on level 4 of the Dungeon)
 z - a wand of disintegration (16)
   (You found it on level 4 of the Snake Pit)
 C - a wand of enslavement (26)
   (You found it on level 8 of the Dungeon)
 D - a wand of digging (9)
   (You took it off Maurice on level 8 of the Dungeon)
 T - a wand of paralysis (53)
   (You found it on level 6 of the Lair of Beasts)
Scrolls
 d - 27 scrolls of teleportation
 i - 5 scrolls of fog
 m - 20 scrolls of identify
 n - 6 scrolls of amnesia
 q - 7 scrolls of blinking
 s - 6 scrolls of magic mapping
 y - 11 scrolls of remove curse
 H - 7 scrolls of immolation
 M - a scroll of summoning
 R - 6 scrolls of vulnerability
 U - 5 scrolls of fear
Potions
 a - 7 potions of heal wounds
 e - 12 potions of lignification
 h - 9 potions of agility
 r - 9 potions of curing
 v - 9 potions of mutation
 x - 4 potions of brilliance
 A - 7 potions of berserk rage
 E - 5 potions of resistance
 K - 4 potions of might
 L - a potion of cancellation
 N - 7 potions of haste
 P - a potion of ambrosia
Miscellaneous
 f - 2 phantom mirrors
 J - a lightning rod (4/4)
   (You found it in an ice cave)
Comestibles
 c - 34 rations


   Skills:
 + Level 20.2 Fighting
 - Level 15.0 Dodging
 - Level 1.7 Stealth
 - Level 4.0 Shields
 + Level 22.8 Spellcasting
 - Level 23.0 Conjurations
 - Level 7.7 Charms
 - Level 2.0 Summonings
 - Level 1.0 Translocations
 - Level 1.1 Fire Magic
 - Level 23.0 Ice Magic
 - Level 7.1 Air Magic
 - Level 8.2 Earth Magic
 - Level 1.0 Poison Magic


You had 5 spell levels left.
You knew the following spells:

 Your Spells              Type           Power        Failure   Level  Hunger
a - Magic Dart            Conj           ####         0%          1    None
b - Passwall              Tmut/Erth      ######..     1%          2    None
c - Conjure Flame         Conj/Fire      ########     0%          3    None
d - Mephitic Cloud        Conj/Pois/Air  #######.     0%          3    None
e - Bolt of Cold          Conj/Ice       ########..   0%          6    None
f - Throw Icicle          Conj/Ice       ########     0%          4    None
g - Summon Ice Beast      Ice/Summ       ########     1%          4    None
h - Freezing Cloud        Conj/Ice/Air   ########..   1%          6    None
i - Ozocubu's Armour      Chrm/Ice       ########     0%          3    None
j - Orb of Destruction    Conj           ########..   1%          7    None
k - Glaciate              Conj/Ice       ########..   2%          9    None
l - Deflect Missiles      Chrm/Air       #######...   2%          6    None
m - Iron Shot             Conj/Erth      ########..   1%          6    None
n - Swiftness             Chrm/Air       #######.     1%          2    None
q - Apportation           Tloc           ######       1%          1    None
r - Blink                 Tloc           N/A          1%          2    None

Your spell library contained the following spells:

 Spells                   Type           Power        Failure   Level  Hunger
 Flame Tongue             Conj/Fire      #####        0%          1    None
 Freeze                   Ice            ####         0%          1    None
 Infusion                 Chrm           ####         0%          1    None
 Sandblast                Erth           ######       0%          1    None
 Shock                    Conj/Air       ####         0%          1    None
 Sting                    Conj/Pois      ####         0%          1    None
 Ensorcelled Hibernation  Hex/Ice        ######       0%          2    None
 Searing Ray              Conj           ######       0%          2    None
 Throw Flame              Conj/Fire      ######       0%          2    None
 Throw Frost              Conj/Ice       ######       0%          2    None
 Dazzling Spray           Conj/Hex       ######       0%          3    None
 Static Discharge         Conj/Air       ########     0%          3    None
 Stone Arrow              Conj/Erth      ######       0%          3    None
 Iskenderun's Mystic Bla  Conj           ########     0%          4    None
 Iskenderun's Battlesphe  Conj/Chrm      ########     0%          5    None
 Animate Skeleton         Necr           N/A          1%          1    None
 Beastly Appendage        Tmut           ######       1%          1    None
 Confusing Touch          Hex            ######       1%          1    None
 Corona                   Hex            ######.      1%          1    None
 Pain                     Necr           ####         1%          1    None
 Summon Butterflies       Summ           ######..     1%          1    None
 Summon Small Mammal      Summ           ####         1%          1    None
 Call Imp                 Summ           ######..     1%          2    None
 Corpse Rot               Necr           N/A          1%          2    None
 Poisonous Vapours        Pois/Air       ######       1%          2    None
 Shroud of Golubria       Chrm/Tloc      #######...   1%          2    None
 Slow                     Hex            ######..     1%          2    None
 Song of Slaying          Chrm           #######.     1%          2    None
 Sticks to Snakes         Tmut           ######..     1%          2    None
 Sublimation of Blood     Necr           ######....   1%          2    None
 Call Canine Familiar     Summ           ######..     1%          3    None
 Confuse                  Hex            ######..     1%          3    None
 Gell's Gravitas          Tloc           ######....   1%          3    None
 Ignite Poison            Fire/Tmut/Pois ######..     1%          3    None
 Inner Flame              Hex/Fire       ######..     1%          3    None
 Lesser Beckoning         Tloc           ######....   1%          3    None
 Portal Projectile        Hex/Tloc       ######       1%          3    None
 Recall                   Summ/Tloc      N/A          1%          3    None
 Regeneration             Chrm/Necr      ######....   1%          3    None
 Spectral Weapon          Hex/Chrm       ######..     1%          3    None
 Spider Form              Tmut/Pois      ######....   1%          3    None
 Summon Guardian Golem    Hex/Summ       ######..     1%          3    None
 Teleport Other           Tloc           ######..     1%          3    None
 Tukima's Dance           Hex            ######..     1%          3    None
 Vampiric Draining        Necr           ######....   1%          3    None
 Airstrike                Air            #######...   1%          4    None
 Force Lance              Conj/Tloc      ########     1%          4    None
 Fulminant Prism          Conj/Hex       ########..   1%          4    None
 Ice Form                 Ice/Tmut       ########     1%          4    None
 Leda's Liquefaction      Hex/Erth       ######....   1%          4    None
 Petrify                  Tmut/Erth      ######..     1%          4    None
 Sticky Flame             Conj/Fire      ########     1%          4    None
 Summon Lightning Spire   Summ/Air       #######.     1%          4    None
 Bolt of Draining         Conj/Necr      ########..   1%          5    None
 Bolt of Magma            Conj/Fire/Erth ########..   1%          5    None
 Borgnjor's Vile Clutch   Necr/Erth      ######....   1%          5    None
 Excruciating Wounds      Chrm/Necr      ######....   1%          5    None
 Fireball                 Conj/Fire      ########..   1%          5    None
 Irradiate                Conj/Tmut      ########..   1%          5    None
 Lee's Rapid Deconstruct  Erth           #######...   1%          5    None
 Lightning Bolt           Conj/Air       ########..   1%          5    None
 Metabolic Englaciation   Hex/Ice        ########..   1%          5    None
 Silence                  Hex/Air        ######....   1%          5    None
 Venom Bolt               Conj/Pois      ########..   1%          5    None
 Animate Dead             Necr           N/A          3%          4    None
 Cause Fear               Hex            ######....   3%          4    None
 Aura of Abjuration       Summ           ######....   3%          5    None
 Summon Demon             Summ           ######....   3%          5    None
 Summon Forest            Summ/Tloc      ######....   4%          5    None
 Summon Mana Viper        Hex/Summ       ######..     6%          5    None
 Alistair's Intoxication  Tmut/Pois      ######..     7%          5    None
 Agony                    Necr           ######..     9%          5    None
 Blade Hands              Tmut           ######....   9%          5    None
 Dispel Undead            Necr           ######..     9%          5    None
 Yara's Violent Unravell  Hex/Tmut       ######....   9%          5    None
 Ozocubu's Refrigeration  Ice            ########..   0%          6    None
 Bolt of Fire             Conj/Fire      ########..   1%          6    None
 Conjure Ball Lightning   Conj/Air       ########..   1%          6    None
 Poison Arrow             Conj/Pois      ########..   1%          6    None
 Simulacrum               Ice/Necr       ########..   1%          6    None
 Spellforged Servitor     Conj/Summ      ########..   1%          7    None
 Lehudib's Crystal Spear  Conj/Erth      ########..   3%          8    None
 Chain Lightning          Conj/Air       ########..   4%          8    None
 Statue Form              Tmut/Erth      ######...    9%          6    None
 Shadow Creatures         Summ           N/A          22%         6    None
 Dispersal                Tloc           ######....   32%         6    None
 Ring of Flames           Chrm/Fire      #######...   41%         7    None
 Darkness                 Hex            ######....   43%         6    None
 Death Channel            Necr           ######....   43%         6    None
 Hydra Form               Tmut           ######....   43%         6    None
 Invisibility             Hex            ######..     43%         6    None
 Monstrous Menagerie      Summ           ######....   75%         7    None
 Summon Hydra             Summ           ######....   75%         7    None
 Malign Gateway           Summ/Tloc      ######....   82%         7    None
 Haunt                    Necr/Summ      ######....   87%         7    None
 Fire Storm               Conj/Fire      ########..   92%         9    None
 Dragon Form              Tmut           ######....   95%         7    None
 Death's Door             Chrm/Necr      ######....   99%         8    None
 Borgnjor's Revivificati  Necr           ######....   100%        8    None
 Controlled Blink         Tloc           N/A          100%        8    None
 Discord                  Hex            ######....   100%        8    None
 Ignition                 Fire           ######....   100%        8    None
 Infestation              Necr           ######....   100%        8    None
 Necromutation            Tmut/Necr      ######....   100%        8    None
 Summon Horrible Things   Summ           ######....   100%        8    None
 Dragon's Call            Summ           ######....   100%        9    None
 Shatter                  Erth           #######...   100%        9    None
 Tornado                  Air            #######...   100%        9    None


Dungeon Overview and Level Annotations

Branches:
Dungeon (15/15)            Temple (0/1) D:6            Lair (6/6) D:10
  Swamp (4/4) Lair:4        Snake (4/4) Lair:4        Slime (5/5) Lair:6
    Orc (2/2) D:11            Elf (3/3) Orc:2        Vaults (4/5) D:13
  Crypt (0/3) Vaults:3     Depths (5/5) D:15            Zot (5/5) Depths:5

Altars:
Ashenzari
Cheibriados
Gozag
Hepliaklqana
Nemelex Xobeh
Okawaru
Qazlal
Sif Muna
Trog
Uskayaw
Vehumet
Xom
Yredelemnul
The Shining One
Jiyva

Shops:
D:8 :   Orc:2 [*=(   Elf:1 [   Snake:1 }==   Depths:3 ?   Depths:5 (

Portals:
Hell: Depths:1 Depths:2 Depths:3 Depths:4 Depths:5
Abyss: Depths:4 Depths:5
Pandemonium: Depths:3
Ziggurat: Depths:4

Annotations:
D:14 3 runed doors, PeterQ's ghost, journeyman DsAs
D:15 exclusion: Roxanne, Roxanne
Elf:2 3 runed doors


Innate Abilities, Weirdness & Mutations

You can breathe bolts of dispelling energy.
Your rich purple scales are hard. (AC +12)
You cannot fit into any form of body armour.
You are cold-blooded and may be slowed by cold attacks.
Scrolls take you a little longer to read.
You are dopey. (Int -2)
Your magical capacity is low. (-10% MP)
You are resistant to electric shocks. (rElec)
Your muscles are strong. (Str +2)


Message History

Press: ? - help, Dir - move target cursor A rock wall.
This square is covered in magical glow.
Sif Muna grants you divine energy.
You briefly lose access to your magic!
You begin to meditate on the wall.
You continue meditating on the rock. x4
You finish merging with the rock.
You regain access to your magic.
You are no longer corroded.
Unknown command.
You see here a +0 club.
You see here a +0 club.
Things that are here:
a +0 club x2
There is a stone staircase leading up here.
You climb upwards.
There is a stone staircase leading down here.
(D) Dungeon (T) Temple (L) Lair (S) Swamp (P) Snake Pit (M) Slime Pits (O) Orcish Mines (E) Elven Halls (V) Vaults (C) Crypt (U) Depths (H) Hell (Z) Zot
Where to? (Enter - D:2 @ (x,y), ? - help)
You climb downwards.
There is a stone staircase leading up here.
You climb upwards.
There is a stone staircase leading down here.
Your extra speed is starting to run out.
You see here a +0 dagger.
You feel yourself slow down.
Casting: Passwall (safe; 1% risk of failure)
Confirm with . or Enter, or press ? or * to list all spells.
Aiming: Passwall (safe; 1% risk of failure)
Press: ? - help, Dir - move target cursor A rock wall.
This square is covered in magical glow.
You begin to meditate on the wall.
You continue meditating on the rock. x2
You finish merging with the rock.
Casting: Passwall (safe; 1% risk of failure)
Confirm with . or Enter, or press ? or * to list all spells.
Aiming: Passwall (safe; 1% risk of failure)
Press: ? - help, Dir - move target cursor A rock wall.
This square is covered in magical glow.
You begin to meditate on the wall.
You continue meditating on the rock. x2
You finish merging with the rock.
A chaos spawn comes into view.
Magic courses through your body.
There is a staircase leading out of the dungeon here.
Enter note: gg You have escaped!

#..######.########.# #.#
#..### ##.########.####.##
##...# #.................#
#>#.###.#########.#######
##.#'#...........#.#
...#.#....§..4...#.#
####)#.#§.#..#...#.#
.....+..§§§......#.#
#.####.8........@#.#
#....+..≈........#.#
#.##'#.#..#..#...#.#
#.##.#...........#.#
#.##'#...........#.###########
#.##.###.#########...........#
#.#........# ###########.#
#.#.######.# #.# #.#.# #.# #.#


You could see a chaos spawn.

Vanquished Creatures
  the Royal Jelly (Slime:5)
  8 ancient liches
  Mara (Vaults:3)
  2 juggernauts
  3 orbs of fire (Zot:5)
  Boris (Vaults:4)
  A pandemonium lord (Zot:2)
  Sojobo (Depths:1)
  the Lernaean hydra (Swamp:4)
  Saint Roka (Elf:3)
  4 Killer Klowns (Zot:5)
  Vashnia (Snake:4)
  A curse toe (Zot:5)
  9 golden dragons
  A caustic shrike (Depths:4)
  Xtahua (Depths:5)
  The ghost of Morbidden the Sensei, a veteran DsFi of Okawaru (Depths:2)
  A Tzitzimitl (Depths:5)
  3 electric golems
  7 liches
  2 titans (Depths:4)
  Rupert (D:15)
  A hellephant (Depths:2)
  11 tentacled monstrosities
  Asterion (Elf:1)
  26 Orb Guardians
  14 acid blobs
  2 deep elf master archers (Elf:3)
  6 quicksilver dragons
  5 death cobs
  A deep elf blademaster (Elf:3)
  4 sphinxes
  An ancient champion (Vaults:3)
  A thorn hunter (Swamp:2)
  5 tengu reavers
  3 shadow dragons
  5 storm dragons
  4 draconian monks
  11 fire giants
  9 azure jellies
  10 nagarajas
  2 deep elf sorcerers
  A draconian knight (Zot:1)
  16 frost giants
  A draconian scorcher (Zot:1)
  2 orc warlords
  Louise (D:15)
  3 ghost moths
  6 deep elf elementalists (Elf:3)
  2 iron dragons
  A balrug (Depths:1)
  A ghoul (Vaults:3)
  8 vault wardens
  A draconian shifter (Zot:1)
  9 ironheart preservers
  4 draconian stormcallers
  3 draconian annihilators (Zot:1)
  13 very ugly things
  An entropy weaver (Vaults:4)
  10 stone giants
  8 vampire knights
  8 black draconians
  5 deep elf demonologists
  6 purple draconians
  6 deep elf annihilators
  3 green draconians (Zot:1)
  6 white draconians
  7 yellow draconians
  6 dire elephants
  18 spark wasps
  Azrael (Snake:1)
  8 red draconians
  A minotaur (Lair:5)
  A crystal guardian (Vaults:3)
  A merfolk javelineer (Depths:3)
  A blizzard demon (Depths:2)
  7 deep elf death magi
  14 fire dragons
  8 death oozes (Slime:5)
  2 deep elf high priests (Elf:3)
  A merfolk impaler (Depths:1)
  16 yaktaur captains
  11 ettins
  16 ogre magi
  10 vault guards
  6 naga warriors
  15 great orbs of eyes
  7 spriggan air magi
  9 rakshasas
  22 hydras
  3 shambling mangroves
  13 ice dragons
  A catoblepas (D:11)
  2 hell beasts
  A ghost crab (Swamp:4)
  11 centaur warriors
  2 merfolk avatars (Swamp:2)
  9 anacondas
  12 alligators
  2 death knights
  A death yak (D:13)
  5 tengu warriors
  15 dancing weapons
  30 two-headed ogres
  6 deep troll shamans
  8 spriggan berserkers
  4 orc high priests
  5 deep troll earth magi
  3 vampire magi
  A titan zombie (Depths:1)
  2 sun demons
  16 naga sharpshooters
  A soul eater (Depths:3)
  7 shock serpents
  10 hell knights
  9 deep elf knights
  Nergalle (Orc:1)
  2 shadow wraiths
  3 iron trolls
  3 salamander mystics (Snake:3)
  2 skeletal warriors (D:15)
  A cherub (D:10)
  A spriggan druid (Swamp:2)
  3 glowing orange brains
  18 deep trolls
  A golden dragon zombie (Depths:3)
  2 flayed ghosts
  9 naga ritualists
  2 sea snakes (Snake:4)
  4 unseen horrors
  9 swamp dragons
  A glowing orange brain (shapeshifter) (Depths:5)
  An unseen horror (shapeshifter) (Depths:5)
  10 ironbrand convokers
  A lindwurm (shapeshifter) (Vaults:1)
  2 phantasmal warriors
  An orange crystal statue (Depths:2)
  13 deep elf archers
  4 lindwurms (Lair:2)
  An obsidian statue (Zot:5)
  10 necromancers
  16 wizards
  A wolf spider zombie (D:15)
  3 harpies (Vaults:1)
  A sphinx zombie (Depths:3)
  4 wolf spiders
  15 orc knights
  52 deep elf magi
  3 oklob plants (Snake:3)
  8 mana vipers
  7 orc sorcerers
  61 ugly things
  8 cyclopes
  2 manticores
  15 salamanders
  6 shining eyes
  18 moths of wrath
  A centaur zombie (D:14)
  A fire giant zombie (D:15)
  A frost giant skeleton (Depths:3)
  2 ice statues (Depths:2)
  8 elephants
  15 naga magi
  An iron dragon skeleton (Depths:3)
  24 black mambas
  A rust devil (Depths:3)
  2 eyes of devastation (Slime:5)
  A water nymph (shapeshifter) (Vaults:4)
  7 gargoyles
  10 guardian serpents
  12 vault sentinels
  Maurice (D:8)
  A molten gargoyle (Depths:1)
  18 spiny frogs
  A torpor snail (Gauntlet)
  3 smoke demons
  An orange demon (Depths:3)
  A rime drake (Lair:6)
  10 freezing wraiths
  6 komodo dragons
  43 yaktaurs
  3 yaktaurs (shapeshifter)
  5 ice devils
  A spriggan zombie (D:15)
  4 tengu conjurers
  2 red devils (Depths:1)
  2 jumping spiders (shapeshifter)
  11 trolls
  A raiju (shapeshifter) (D:11)
  5 polar bears
  A spriggan skeleton (Depths:1)
  15 tyrant leeches
  Grinder (D:2)
  24 blink frogs
  19 hornets
  71 slime creatures
  8 hippogriffs
  2 ettin zombies
  3 hippogriffs (shapeshifter)
  2 large abominations (Elf:1)
  A small abomination (Gauntlet)
  2 dream sheep (shapeshifter)
  7 dream sheep
  14 bog bodies
  2 redbacks (Vaults:3)
  8 spriggans
  2 tarantellas (shapeshifter)
  2 centaur simulacra (D:13)
  3 air elementals
  A tarantella (Vaults:4)
  2 vampires
  7 shadows
  A golden eye (shapeshifter) (Depths:4)
  A human (D:13)
  59 yaks
  A ynoxinul (Gauntlet)
  19 vampire mosquitoes
  A wraith (D:10)
  3 water elementals
  6 wyverns
  A neqoxec (D:3)
  4 fire bats
  2 basilisks
  4 golden eyes (Slime:5)
  2 steam dragons (D:12)
  4 hungry ghosts
  4 fire elementals
  7 wargs
  A human zombie (D:15)
  12 insubstantial wisps
  62 nagas
  Edmund (D:6)
  23 swamp worms
  An acid dragon (Vaults:1)
  11 water moccasins
  A floating eye (Depths:4)
  3 hell hounds (Snake:1)
  11 porcupines
  13 swamp drakes
  A black bear (shapeshifter) (Elf:2)
  53 orc warriors
  4 sky beasts
  3 black bears (D:10)
  A hornet zombie (D:15)
  11 ice beasts
  A phantom (D:12)
  11 eyes of draining
  47 ogres
  10 wolves
  A tengu (shapeshifter) (Depths:4)
  18 boggarts
  26 centaurs
  14 crocodiles
  4 elf zombies
  16 bullfrogs
  2 big kobolds
  6 earth elementals
  2 gnoll sergeants
  7 scorpions
  A wyvern skeleton (D:10)
  9 killer bees
  10 wights
  A human simulacrum (Vaults:1)
  8 electric eels
  6 crimson imps
  3 quasits
  13 orc priests
  A wyvern simulacrum (D:13)
  A bullfrog zombie (D:10)
  8 hounds
  3 centaur skeletons
  4 iron imps
  10 jellies
  20 orc wizards
  2 bullfrog skeletons
  4 iguanas
  Ijyb (D:1)
  13 worker ants
  A bullfrog simulacrum (D:13)
  A hound skeleton (D:7)
  A worker ant zombie (D:11)
  10 adders
  6 gnolls
  5 shadow imps
  5 white imps
  2 ufetubi
  5 oozes (D:8)
  2 dart slugs
  A leopard gecko (shapeshifter) (D:14)
  5 leopard geckos
  87 orcs
  2 ball pythons
  9 bats
  5 giant cockroaches
  6 goblins
  5 hobgoblins
  4 jackals
  16 kobolds
  4 quokkas
  3 frilled lizards
  A leopard gecko zombie (D:8)
  8 rats
  2 crawling corpses (Elf:3)
  14 plants
2217 creatures vanquished.

Vanquished Creatures (collateral kills)
  A sky beast (D:7)
  A scorpion (D:4)
  A killer bee (D:8)
  Crazy Yiuf (D:2)
  2 orc priests
  An iguana (D:5)
  3 worker ants
  2 adders (D:5)
  3 gnolls (D:7)
  An ooze (D:2)
  A worm (D:2)
  3 orcs
  A hobgoblin (D:2)
  5 goblins
  2 kobolds
28 creatures vanquished.

Vanquished Creatures (others)
  A tengu reaver (Depths:1)
  A shadow wraith (Vaults:3)
  A deep elf mage (Elf:2)
  A hippogriff (shapeshifter) (Depths:2)
  A spriggan (Swamp:4)
  A wyvern (D:13)
  An iguana (D:8)
  A jackal (D:1)
  178 blocks of ice
  A bush (D:10)
  6 demonic plants (Gauntlet)
  43 fungi
  26 plants
  5 withered plants (D:15)
267 creatures vanquished.

Grand Total: 2512 creatures vanquished

Notes
Turn   | Place    | Note
-------+----------+-------------------------------------------
     0 | D:1      | Flugkiller the Draconian Wizard began the quest for the
                  | Orb.
     0 | D:1      | Reached XP level 1. HP: 14/14 MP: 4/4
   240 | D:1      | Found a sparkling altar of Nemelex Xobeh.
   384 | D:1      | Reached XP level 2. HP: 19/20 MP: 0/6
   860 | D:1      | Learned a level 2 spell: Call Imp
  1456 | D:2      | Reached XP level 3. HP: 26/26 MP: 2/7
  1547 | D:2      | Learned a level 3 spell: Conjure Flame
  2023 | D:2      | Noticed Ijyb
  2292 | D:1      | Killed Ijyb
  2292 | D:1      | Reached XP level 4. HP: 32/33 MP: 0/8
  2416 | D:2      | Found a shattered altar of Ashenzari.
  2583 | D:2      | Found a runed door.
  2678 | D:2      | Found a bloodstained altar of Trog.
  2753 | D:2      | Noticed Crazy Yiuf
  2760 | D:2      | Killed Crazy Yiuf
  2760 | D:2      | Reached skill level 1 in Fire Magic
  2902 | D:3      | Learned a level 3 spell: Mephitic Cloud
  2916 | D:3      | Noticed Grinder
  3310 | D:3      | Paralysed by Grinder for 2 turns
  3774 | D:2      | Paralysed by Grinder for 5 turns
  4308 | D:3      | Reached XP level 5. HP: 32/38 MP: 3/10
  4314 | D:3      | Reached skill level 1 in Air Magic
  4383 | D:3      | Reached skill level 1 in Poison Magic
  4977 | D:4      | Reached XP level 6. HP: 45/45 MP: 6/12
  4981 | D:4      | Learned a level 2 spell: Blink
  5024 | D:4      | Found an iron altar of Okawaru.
  5024 | D:4      | Found a deep blue altar of Sif Muna.
  5137 | D:4      | Became a worshipper of Sif Muna the Loreminder
  5529 | D:5      | Entered Level 5 of the Dungeon
  5643 | D:5      | Noticed a sky beast
  5668 | D:5      | Killed a sky beast
  5728 | D:5      | Reached skill level 5 in Conjurations
  5833 | D:5      | Found an opulent altar of Gozag.
  6094 | D:5      | Found a stormy altar of Qazlal.
  6110 | D:5      | Reached skill level 5 in Spellcasting
  6110 | D:5      | Your scales start taking on a rich purple colour.
  6110 | D:5      | Reached XP level 7. HP: 48/50 MP: 12/16
  6201 | D:5      | Reached * piety under Sif Muna
  6837 | D:6      | Noticed Edmund
  6915 | D:6      | Killed Edmund
  6915 | D:6      | Reached XP level 8. HP: 43/57 MP: 5/20
  7228 | D:6      | Reached ** piety under Sif Muna
  7333 | D:6      | Found a staircase to the Ecumenical Temple.
  7646 | D:6      | Reached skill level 10 in Spellcasting
  7894 | D:7      | Reached skill level 1 in Fighting
  8580 | D:7      | Reached XP level 9. HP: 38/71 MP: 15/23
  8868 | D:7      | Found a basalt altar of Yredelemnul.
  9144 | D:8      | Found Kosilyja's Book Shop.
  9689 | D:8      | Reached skill level 5 in Fighting
  9821 | D:8      | Found a shattered altar of Ashenzari.
  9823 | D:8      | Found a shattered altar of Ashenzari.
  9823 | D:8      | Found a bloodstained altar of Trog.
  9825 | D:8      | Found a shimmering altar of Xom.
  9825 | D:8      | Found a snail-covered altar of Cheibriados.
  9825 | D:8      | Found a hazy altar of Hepliaklqana.
  9841 | D:8      | Noticed Maurice
  9864 | D:8      | Killed Maurice
  9864 | D:8      | Reached skill level 5 in Dodging
 10192 | D:8      | Bought a book of Frost for 455 gold pieces
 10197 | D:8      | Learned a level 4 spell: Throw Icicle
 10252 | D:9      | Found a snail-covered altar of Cheibriados.
 10306 | D:9      | Reached skill level 1 in Ice Magic
 11354 | D:10     | Entered Level 10 of the Dungeon
 11420 | D:10     | Reached *** piety under Sif Muna
 11649 | D:10     | Reached XP level 10. HP: 83/83 MP: 12/24
 11900 | D:10     | Reached skill level 5 in Ice Magic
 13147 | D:10     | Found a staircase to the Lair.
 13314 | D:10     | Reached **** piety under Sif Muna
 13691 | Lair:1   | Entered Level 1 of the Lair of Beasts
 14825 | Lair:1   | Noticed a spiny frog
 14830 | Lair:1   | Killed a spiny frog
 14830 | Lair:1   | Reached XP level 11. HP: 89/89 MP: 12/25
 14944 | Lair:1   | Got a dazzling rapier
 14952 | Lair:1   | Identified the +4 rapier of the Stoat {protect, rC+ MR+}
                  | (You found it on level 1 of the Lair of Beasts)
 17123 | Lair:2   | Reached skill level 10 in Dodging
 17726 | Lair:2   | Noticed a lindwurm
 17727 | Lair:2   | Noticed a lindwurm
 17728 | Lair:2   | Noticed a lindwurm
 17729 | Lair:2   | Noticed a lindwurm
 17732 | Lair:2   | Killed a lindwurm
 17869 | Lair:2   | Killed a lindwurm
 18144 | Lair:2   | Killed a lindwurm
 18329 | Lair:2   | Killed a lindwurm
 18508 | Lair:3   | Noticed an eight-headed hydra
 18678 | Lair:2   | Killed an eight-headed hydra
 18678 | Lair:2   | Reached skill level 10 in Ice Magic
 18789 | Lair:3   | Reached ***** piety under Sif Muna
 18924 | Lair:3   | Identified the Volume of Fetching Envenoming
 19132 | Lair:3   | Reached XP level 12. HP: 69/96 MP: 4/26
 20628 | Lair:4   | Found a staircase to the Snake Pit.
 20632 | Lair:4   | Identified Zelott's Volume of Beguiling and Lightness (Sif
                  | Muna gifted it to you on level 4 of the Lair of Beasts)
 20632 | Lair:4   | Received a gift from Sif Muna
 20850 | Lair:4   | Found a staircase to the Swamp.
 21893 | Lair:5   | Found a gate leading to a gauntlet.
 21902 | Gauntlet | Entered a Gauntlet
 21902 | Gauntlet | Found a transporter.
 21913 | Gauntlet | Found a transporter.
 21915 | Gauntlet | Found a transporter.
 21917 | Gauntlet | Found a transporter.
 21932 | Gauntlet | Found a transporter.
 21947 | Gauntlet | Found a transporter.
 21953 | Gauntlet | Found a transporter.
 21967 | Gauntlet | Noticed a blizzard demon
 21968 | Gauntlet | Found a transporter.
 21986 | Gauntlet | Noticed a death scarab
 21987 | Gauntlet | Found a transporter.
 21989 | Gauntlet | Noticed a death scarab
 21999 | Gauntlet | Found a transporter.
 22022 | Gauntlet | Found a transporter.
 22030 | Gauntlet | Found a transporter.
 22046 | Gauntlet | Noticed a dire elephant
 22047 | Gauntlet | Found a transporter.
 22055 | Gauntlet | Found a transporter.
 22055 | Gauntlet | Found a transporter.
 22072 | Gauntlet | Found a transporter.
 22089 | Gauntlet | Found a transporter.
 22108 | Gauntlet | Found a transporter.
 22334 | Gauntlet | Got a polished hat
 22732 | Gauntlet | Identified the +2 hat "Jaeggeagh" {Str+4} (You found it in
                  | a Gauntlet)
 22746 | Gauntlet | Identified the cursed +2 rapier of the End of Times
                  | {freeze, Int+4}
 22746 | Gauntlet | Noticed a minotaur
 22986 | Lair:5   | Learned a level 4 spell: Summon Ice Beast
 23055 | Lair:5   | Got an ancient trident
 23057 | Lair:5   | Identified the cursed +0 trident of Contradiction {pain,
                  | -Tele *Slow MR+++ Str+5} (You found it on level 5 of the
                  | Lair of Beasts)
 23688 | Lair:5   | Killed a minotaur
 24735 | Lair:6   | Entered Level 6 of the Lair of Beasts
 25669 | Lair:5   | Identified Sesmuclac's Collected Works on Bewitching Flames
                  | (Sif Muna gifted it to you on level 5 of the Lair of
                  | Beasts)
 25669 | Lair:5   | Received a gift from Sif Muna
 25794 | Lair:5   | Reached XP level 13. HP: 64/102 MP: 0/29
 26678 | Lair:6   | Found a staircase to the Slime Pits.
 26679 | Lair:6   | Found a viscous altar of Jiyva.
 27483 | Lair:6   | Reached skill level 10 in Conjurations
 28184 | Lair:6   | Noticed a dire elephant
 28203 | Lair:6   | Noticed a dire elephant
 28212 | Lair:6   | HP: 5/102 [dire elephant (13)]
 28237 | Lair:6   | Noticed a dire elephant
 29390 | D:11     | Found a staircase to the Orcish Mines.
 29441 | D:11     | Identified Sif Muna's Almanac of Ghastly Creation (Sif Muna
                  | gifted it to you on level 11 of the Dungeon)
 29441 | D:11     | Received a gift from Sif Muna
 31655 | D:12     | Reached XP level 14. HP: 115/116 MP: 14/30
 32286 | D:13     | Found a frozen archway.
 32370 | IceCv    | Entered an ice cave
 32552 | IceCv    | Found a transporter.
 33838 | D:13     | Found a gate to the Vaults.
 33846 | D:13     | Identified Sif Muna's Collected Works on the Damaging
                  | Snowflakes (Sif Muna gifted it to you on level 13 of the
                  | Dungeon)
 33846 | D:13     | Received a gift from Sif Muna
 35065 | D:14     | Got a faintly glowing hand crossbow
 35068 | D:14     | Identified the +1 hand crossbow of Subjectivity {speed,
                  | rElec rC++} (You found it on level 14 of the Dungeon)
 35243 | D:14     | Found a runed gate.
 35243 | D:14     | Found a runed gate.
 35243 | D:14     | Found a runed gate.
 35243 | D:14     | Noticed PeterQ's ghost (journeyman DsAs)
 36430 | D:15     | Entered Level 15 of the Dungeon
 36919 | D:15     | Reached skill level 15 in Spellcasting
 36937 | D:15     | Reached XP level 15. HP: 124/124 MP: 0/34
 37121 | D:15     | Identified Etiupeov's Guide on the Arsonist and Summoning
                  | (Sif Muna gifted it to you on level 15 of the Dungeon)
 37121 | D:15     | Received a gift from Sif Muna
 37367 | D:15     | Found a staircase to the Depths.
 37590 | D:15     | Noticed Louise
 37599 | D:15     | Killed Louise
 37623 | D:15     | Noticed Rupert
 37661 | D:15     | Killed Rupert
 38434 | D:15     | Identified Roxanne's Collected Works on Clay
 38434 | D:15     | Noticed Roxanne
 39416 | Orc:1    | Entered Level 1 of the Orcish Mines
 39424 | Orc:1    | Noticed Nergalle
 39641 | Orc:1    | Killed Nergalle
 40226 | Orc:2    | Entered Level 2 of the Orcish Mines
 40368 | Orc:2    | Found a staircase to the Elven Halls.
 40616 | Orc:2    | Identified Sif Muna's Reference Book on Malediction and
                  | Shape Shifting (Sif Muna gifted it to you on level 2 of the
                  | Orcish Mines)
 40616 | Orc:2    | Received a gift from Sif Muna
 40828 | Orc:2    | Noticed an orc warlord
 40829 | Orc:2    | Found Diose's Jewellery Shoppe.
 40829 | Orc:2    | Noticed an orc warlord
 40863 | Orc:2    | Reached ****** piety under Sif Muna
 40887 | Orc:2    | Found Lourudos's General Store.
 40887 | Orc:2    | Found Beil's Antique Armour Shoppe.
 41074 | Orc:1    | Killed an orc warlord
 41699 | Orc:2    | Found Iladang's Antique Weapon Shoppe.
 41812 | Orc:2    | Killed an orc warlord
 42341 | D:8      | Bought a book of Ice for 845 gold pieces
 42348 | D:8      | Learned a level 6 spell: Bolt of Cold
 42355 | D:8      | Learned a level 6 spell: Freezing Cloud
 42359 | D:8      | Learned a level 3 spell: Ozocubu's Armour
 42519 | Lair:4   | Learned a level 7 spell: Orb of Destruction
 42547 | Swamp:1  | Entered Level 1 of the Swamp
 43175 | Swamp:1  | Reached XP level 16. HP: 132/132 MP: 12/36
 44197 | Swamp:2  | Identified Sif Muna's Disquisition on Flamy Augmentations
                  | (Sif Muna gifted it to you on level 2 of the Swamp)
 44197 | Swamp:2  | Received a gift from Sif Muna
 45365 | Swamp:2  | Noticed a thorn hunter
 45370 | Swamp:2  | Killed a thorn hunter
 46350 | Swamp:3  | Found a radiant altar of Vehumet.
 46823 | Orc:2    | Bought the ring of Zawuamig {+Fly Int+5} for 350 gold
                  | pieces
 47239 | Swamp:3  | Reached skill level 15 in Conjurations
 47239 | Swamp:3  | Reached skill level 15 in Ice Magic
 47454 | Swamp:3  | Paralysed by a hornet for 1 turns
 47648 | Swamp:3  | Identified Sif Muna's Handbook of Excruciating Snow (Sif
                  | Muna gifted it to you on level 3 of the Swamp)
 47648 | Swamp:3  | Received a gift from Sif Muna
 48257 | Swamp:4  | Entered Level 4 of the Swamp
 49339 | Swamp:4  | Reached XP level 17. HP: 137/137 MP: 26/38
 49435 | Swamp:4  | Noticed the 27-headed Lernaean hydra
 49441 | Swamp:4  | Killed the 27-headed Lernaean hydra
 49664 | Swamp:4  | Received a gift from Sif Muna
 49770 | Swamp:4  | Got a decaying rune of Zot
 50310 | Snake:1  | Entered Level 1 of the Snake Pit
 50636 | Snake:1  | Found Sagic Sym's Gadget Boutique.
 50636 | Snake:1  | Found Jybb's Jewellery Shoppe.
 50637 | Snake:1  | Found Booheghi's Jewellery Shoppe.
 51234 | Snake:1  | Noticed Azrael
 51240 | Snake:1  | Killed Azrael
 53080 | Snake:3  | Identified Sif Muna's Catalogue of Arcane Weapons and
                  | Summoning (Sif Muna gifted it to you on level 3 of the
                  | Snake Pit)
 53080 | Snake:3  | Received a gift from Sif Muna
 54558 | Snake:4  | Entered Level 4 of the Snake Pit
 54561 | Snake:4  | Reached skill level 1 in Shields
 55247 | Snake:4  | Reached XP level 18. HP: 132/145 MP: 28/39
 56116 | Snake:4  | Identified Sif Muna's Second Course in Spellcraft (Sif Muna
                  | gifted it to you on level 4 of the Snake Pit)
 56116 | Snake:4  | Received a gift from Sif Muna
 57757 | Snake:4  | Got a serpentine rune of Zot
 58275 | Snake:4  | Noticed Vashnia
 58282 | Snake:4  | Killed Vashnia
 58598 | Elf:1    | Entered Level 1 of the Elven Halls
 58942 | Elf:1    | Identified Sif Muna's Catalogue of Cloudy Orientation (Sif
                  | Muna gifted it to you on level 1 of the Elven Halls)
 58942 | Elf:1    | Received a gift from Sif Muna
 59212 | Elf:1    | Identified Cegee's Disquisition on Sinister Secrets
 59291 | Elf:1    | Found Sam Buus's Armour Boutique.
 59298 | Elf:1    | Bought the +2 pair of boots of the Komtur {+Blink rF+
                  | Regen+ Stlth-} for 545 gold pieces
 59585 | Elf:1    | Noticed Asterion
 59618 | Elf:1    | Killed Asterion
 60476 | Elf:2    | Reached XP level 19. HP: 116/151 MP: 15/40
 60869 | Elf:2    | Found a runed gate.
 60869 | Elf:2    | Found a runed gate.
 60870 | Elf:2    | Found a runed gate.
 60978 | Elf:3    | Entered Level 3 of the Elven Halls
 60982 | Elf:3    | Noticed Saint Roka
 61076 | Elf:3    | Killed Saint Roka
 61339 | Elf:3    | Received a gift from Sif Muna
 63024 | Elf:3    | Identified the +9 hand axe "Nirghyobudgh" {drain, rElec
                  | rF+}
 63024 | Elf:3    | Identified the cursed +0 robe "Ewarch" {rElec rF+}
 63255 | Elf:3    | Identified the cursed +0 war axe "Potu Qa Puu" {chop, rElec
                  | rC+ MR+ Dex-3}
 63255 | Elf:3    | Identified the cursed +1 robe of the Fiddle {rElec}
 63384 | Elf:3    | Identified the cursed +1 leather armour "Pynix" {Dex+2}
 63445 | Elf:3    | Identified the +1 spear of the Asp {holy, rN++}
 64237 | Vaults:1 | Entered Level 1 of the Vaults
 64397 | Vaults:1 | Identified Sif Muna's Handbook of Confrontation (Sif Muna
                  | gifted it to you on level 1 of the Vaults)
 64397 | Vaults:1 | Received a gift from Sif Muna
 66283 | Vaults:1 | Reached XP level 20. HP: 119/158 MP: 19/41
 66943 | Vaults:2 | Received a gift from Sif Muna
 68870 | Vaults:3 | Identified Polu's Almanac of Quantum Companions (Sif Muna
                  | gifted it to you on level 3 of the Vaults)
 68870 | Vaults:3 | Received a gift from Sif Muna
 69112 | Vaults:3 | Found a staircase to the Crypt.
 69895 | Vaults:3 | Noticed Mara
 69900 | Vaults:3 | Killed Mara
 70213 | Vaults:3 | Got a pair of encrusted boots
 70214 | Vaults:3 | Identified the cursed -6 pair of boots of the Spider Nest
                  | {rC- Str+4} (You found it on level 3 of the Vaults)
 70571 | Vaults:3 | Reached XP level 21. HP: 165/165 MP: 6/42
 71103 | Vaults:3 | Identified Sif Muna's Collected Works on Excruciating Cold
                  | (Sif Muna gifted it to you on level 3 of the Vaults)
 71103 | Vaults:3 | Received a gift from Sif Muna
 71886 | Vaults:3 | Learned a level 9 spell: Glaciate
 72347 | Vaults:4 | Noticed Boris
 72482 | Vaults:4 | Killed Boris
 73691 | Vaults:4 | Identified Luamorch's Catalogue of Flight and the Frostbite
                  | (Sif Muna gifted it to you on level 4 of the Vaults)
 73691 | Vaults:4 | Received a gift from Sif Muna
 74525 | Snake:1  | Bought the ring "Riloiwno" {rF+ rC+ Str+4 Int+2} for 670
                  | gold pieces
 74798 | Depths:1 | Entered Level 1 of the Depths
 75308 | Depths:1 | Noticed Sojobo
 75322 | Depths:1 | Killed Sojobo
 75463 | Depths:1 | Found a gateway to Hell.
 75898 | Depths:1 | Found the +12 Vampire's Tooth {vamp}
 75898 | Depths:1 | Paralysed by a lich for 5 turns
 76039 | Depths:1 | Identified the Collected Works on Enhancements and the
                  | Escort
 76041 | Depths:1 | Identified the Incunabulum of Unholy Rituals
 76188 | Depths:1 | Identified Somir's Compendium of the Creative Birds (Sif
                  | Muna gifted it to you on level 1 of the Depths)
 76188 | Depths:1 | Received a gift from Sif Muna
 76435 | Depths:2 | Reached XP level 22. HP: 172/172 MP: 27/45
 76435 | Depths:2 | Reached skill level 1 in Charms
 77494 | Depths:2 | Reached skill level 5 in Charms
 77548 | Depths:2 | Noticed an ancient lich
 77557 | Depths:2 | Paralysed by a vampire knight for 4 turns
 77561 | Depths:2 | Killed an ancient lich
 77561 | Depths:2 | Identified Cigudgh's Almanac of the Salamander (Sif Muna
                  | gifted it to you on level 2 of the Depths)
 77561 | Depths:2 | Received a gift from Sif Muna
 77561 | Depths:2 | Reached skill level 5 in Air Magic
 77909 | Depths:2 | Found a runed door.
 77931 | Depths:2 | Noticed Morbidden's ghost (veteran DsFi)
 78109 | Depths:2 | Killed Morbidden's ghost
 78171 | Depths:2 | Identified the amulet "Cics" {MR+ Regen+ Int+10 Dex-5}
 79669 | Depths:3 | Found Ywnisuo's Magic Scroll Shop.
 79677 | Depths:3 | Bought a scroll of teleportation for 60 gold pieces
 79677 | Depths:3 | Bought a scroll of fog for 40 gold pieces
 79718 | Depths:3 | Found a one-way gate leading to the halls of Pandemonium.
 79965 | Depths:3 | Received a gift from Sif Muna
 80008 | Depths:3 | Learned a level 6 spell: Deflect Missiles
 80463 | Depths:3 | Noticed a juggernaut
 80468 | Depths:3 | Killed a juggernaut
 80507 | Depths:3 | Reached skill level 10 in Fighting
 80815 | Depths:3 | Reached XP level 23. HP: 161/183 MP: 32/47
 80976 | Depths:3 | Identified Kacemes's Papyrus of Dusty Transformation
 80980 | Depths:3 | Identified the Guide on Dark Arts
 81563 | Depths:4 | Found a gateway to a ziggurat.
 81672 | Depths:4 | Found a one-way gate to the infinite horrors of the Abyss.
 81963 | Depths:4 | Found a hide-covered altar of Uskayaw.
 81964 | Depths:4 | Found an opulent altar of Gozag.
 81964 | Depths:4 | Found a deep blue altar of Sif Muna.
 82938 | Depths:4 | Noticed an ancient lich
 82954 | Depths:4 | Killed an ancient lich
 84062 | Depths:4 | Paralysed by a floating eye for 2 turns
 84397 | Depths:4 | Noticed a juggernaut
 84400 | Depths:4 | Killed a juggernaut
 84518 | Depths:4 | Noticed a caustic shrike
 84526 | Depths:4 | Killed a caustic shrike
 84710 | Depths:4 | Reached skill level 15 in Fighting
 84724 | Depths:4 | Identified the +6 spear of Spring {speed, *Drain +Rage
                  | rPois Int+9}
 84979 | Depths:5 | Entered Level 5 of the Depths
 85396 | Depths:5 | Noticed Xtahua
 85403 | Depths:5 | Killed Xtahua
 85403 | Depths:5 | Reached XP level 24. HP: 204/206 MP: 28/47
 85969 | Depths:5 | Identified Sif Muna's Reference Book on Venomous Moulding
                  | (Sif Muna gifted it to you on level 5 of the Depths)
 85969 | Depths:5 | Received a gift from Sif Muna
 86442 | Depths:5 | Found a glowing golden altar of the Shining One.
 86513 | Depths:5 | Found Udiv's Antique Weapon Shoppe.
 87534 | Depths:5 | Found a gate to the Realm of Zot.
 88098 | Lair:5   | Identified Agupal's Volume of the Traveller and the
                  | Frostbite (Sif Muna gifted it to you on level 5 of the Lair
                  | of Beasts)
 88098 | Lair:5   | Received a gift from Sif Muna
 88515 | Slime:1  | Entered Level 1 of the Pits of Slime
 89181 | Slime:5  | Entered Level 5 of the Pits of Slime
 89317 | Slime:5  | Gained mutation: Your magical capacity is low. (-10% MP) [a
                  | shining eye]
 89353 | Slime:5  | Gained mutation: Scrolls take you a little longer to read.
                  | [a shining eye]
 89748 | Slime:5  | Found a viscous altar of Jiyva.
 89987 | Slime:5  | Noticed the Royal Jelly
 89992 | Slime:5  | Killed the Royal Jelly
 90400 | Slime:5  | Gained mutation: You tend to lose your temper in combat. [a
                  | shining eye]
 90517 | Slime:5  | Identified Ysesyaho's Catalogue of Hurtful Shape Shifting
 90596 | Slime:5  | Got a jewelled dagger
 90599 | Slime:5  | Identified the +10 dagger of Foucseg {pierce, rN++} (You
                  | found it on level 5 of the Pits of Slime)
 90607 | Slime:5  | Got a slimy rune of Zot
 90676 | Lair:6   | Lost mutation: You tend to lose your temper in combat.
                  | [potion of mutation]
 90676 | Lair:6   | Lost mutation: Scrolls take you a little longer to read.
                  | [potion of mutation]
 90676 | Lair:6   | Gained mutation: Your body sometimes deteriorates upon
                  | taking damage. [potion of mutation]
 90676 | Lair:6   | Gained mutation: You are resistant to electric shocks.
                  | (rElec) [potion of mutation]
 90676 | Lair:6   | Lost mutation: Your body sometimes deteriorates upon taking
                  | damage. [potion of mutation]
 90676 | Lair:6   | Gained mutation: Your muscles are strong. (Str +2) [potion
                  | of mutation]
 91085 | Zot:1    | Entered Level 1 of the Realm of Zot
 91325 | Zot:1    | You fall through a shaft!
 91424 | Zot:1    | Identified Sif Muna's Reference Book on the Enthralling
                  | Blaze (Sif Muna gifted it to you on level 1 of the Realm of
                  | Zot)
 91424 | Zot:1    | Received a gift from Sif Muna
 91424 | Zot:1    | Reached XP level 25. HP: 216/216 MP: 15/42
 91649 | Zot:2    | Learned a level 6 spell: Iron Shot
 91664 | Zot:1    | Reached skill level 1 in Earth Magic
 93413 | Zot:2    | Reached skill level 5 in Earth Magic
 94471 | Zot:4    | Learned a level 1 spell: Apportation
 95351 | Zot:4    | Learned a level 2 spell: Passwall
 95400 | Zot:5    | Entered Level 5 of the Realm of Zot
 95638 | Zot:5    | Identified Sif Muna's Incunabulum of Clay and the Arsonist
                  | (Sif Muna gifted it to you on level 5 of the Realm of Zot)
 95638 | Zot:5    | Received a gift from Sif Muna
 95949 | Zot:5    | Reached skill level 15 in Dodging
 96413 | Zot:5    | Noticed a Killer Klown
 96426 | Zot:5    | Killed a Killer Klown
 96530 | Zot:5    | Noticed a Killer Klown
 96544 | Zot:5    | Killed a Killer Klown
 96676 | Zot:5    | Noticed an ancient lich
 96694 | Zot:5    | Killed an ancient lich
 96860 | Zot:5    | Noticed an orb of fire
 96864 | Zot:5    | Gained mutation: You are dopey. (Int -2) [an orb of fire]
 96868 | Zot:5    | Killed an orb of fire
 96958 | Zot:5    | Noticed an orb of fire
 96967 | Zot:5    | Killed an orb of fire
 96967 | Zot:5    | Reached XP level 26. HP: 181/232 MP: 8/43
 97368 | Zot:5    | Noticed an ancient lich
 97370 | Zot:5    | Noticed an ancient lich
 97374 | Zot:5    | Killed an ancient lich
 97376 | Zot:5    | Killed an ancient lich
 97697 | Zot:5    | Identified Sif Muna's Guide on Virous Orientation (Sif Muna
                  | gifted it to you on level 5 of the Realm of Zot)
 97697 | Zot:5    | Received a gift from Sif Muna
 97863 | Zot:5    | Learned a level 2 spell: Swiftness
 98051 | Zot:5    | Noticed an ancient lich
 98055 | Zot:5    | Killed an ancient lich
 98355 | Zot:5    | Noticed an orb of fire
 98358 | Zot:5    | Gained mutation: Scrolls take you a little longer to read.
                  | [an orb of fire]
 98362 | Zot:5    | Killed an orb of fire
 98389 | Zot:5    | Noticed an ancient lich
 98393 | Zot:5    | Killed an ancient lich
 98561 | Zot:5    | Noticed an ancient lich
 98567 | Zot:5    | Killed an ancient lich
 99708 | Zot:5    | Got the Orb of Zot
 99843 | Zot:2    | Noticed Iplolool the pandemonium lord
 99847 | Zot:2    | Killed Iplolool the pandemonium lord
100405 | D:2      | Killed Grinder
100415 | D:2      | Noticed Xemp the pandemonium lord
100487 | D:1      | gg
100488 | D:$      | Escaped with the Orb!

Vault maps used:
D:1:      shiori_arrival_oz, nemelex_xobeh_ov_fountains_minmay
D:2:      kennysheep_the_goblin_king, lightli_temple_of_fire,
          evilmike_ruin_ashenzari, st_stairs_4, minmay_tetromino_s2,
          uniq_crazy_yiuf_cottage
D:3:      uniq_grinder
D:4:      gammafunk_temple_overflow_elements, first_ration
D:5:      nicolae_qazlal_eye_of_the_storm,
          nicolae_gozag_cash_rules_everything_around_me, due_unseen_surprise
D:6:      minmay_temple_entry_gardened_gates, kennysheep_generic_room_7,
          uniq_edmund
D:7:      kennysheep_mini_moat
D:8:      doesnt_xom_only_xom, serial_shops, kennysheep_little_box,
          hangedman_little_slice_of_home, uniq_maurice
D:9:      basic_altar
D:10:     minmay_lair_entry_grove
D:11:     minmay_the_grid_octo_tiled_octocenter, david_orc_2
D:13:     grunt_vaults_entry_fortified, serial_ice, serial_ice_f, serial_ice_o,
          serial_ice_m, serial_ice_k, portal_ice_cave_demonic_guard,
          glass_columns_c
D:14:     gammafunk_ghost_split, kennysheep_pointless_box
D:15:     gammafunk_depths_entry_grave, minmay_misc_feat_ornament, uniq_rupert,
          uniq_roxanne, uniq_louise
Lair:1:   infiniplex_staircase_pool
Lair:2:   serial_bayou_pond_c, minmay_lindwurm_lava, grunt_megastairs_3,
          lemuel_fruit_tree
Lair:4:   minmay_swamp_entry_wisps, minmay_snake_entry_guardpost_small
Lair:5:   gauntlet_entry_generic, beast_lair_carwin_5
Lair:6:   due_jungle_book, slime_altar_1
Swamp:1:  evilmike_swamp_ruin_rubble_2
Swamp:2:  nicolae_swamp_dense_foliage, grunt_lady_of_the_lake
Swamp:3:  basic_altar
Swamp:4:  grunt_swamp_rune_castle
Snake:1:  minmay_shop_grove, uniq_azrael
Snake:2:  serial_bayou_shore_b
Snake:3:  dpeg_oklob_gauntlet, nicolae_coiled_stairwell_down
Snake:4:  johnstein_snake_rune_scales, serial_bayou_shore_a
Slime:3:  cheibrodos_slime_lost_civilization_10
Slime:4:  cheibrodos_slime_lost_civilization_4
Orc:1:    uniq_nergalle
Orc:2:    grunt_orc_gardens, grunt_orc_garden, grunt_orc_garden,
          grunt_orc_garden, grunt_orc_garden
Elf:1:    minmay_elf_necromancy, minmay_shop_grid_forest, uniq_asterion
Elf:2:    fake_guardian_serpent_vault
Elf:3:    minmay_elf_hall_statues, uniq_saint_roka
Vaults:1: grunt_vaults_swirl, v_rooms_6, hangedman_vaults_slice,
          hangedman_vaults_stretched_pinwheel, dpeg_vaults_monster_box,
          ontoclasm_vaults_idyll, hangedman_vaults_restitches, v_alt_pattern_6,
          grunt_vaults_hallway_long, grunt_vaults_hallway_short
Vaults:2: nicolae_vaults_little_ls, vaults_room_pools,
          hangedman_vaults_stitches, v_misc_5, vaults_room_large_hall,
          ontoclasm_vaults_ligature, ontoclasm_vaults_twist, v_misc_13,
          nicolae_vaults_rhombus_7, nicolae_vaults_rhombus_6, v_pattern_4,
          v_misc_25
Vaults:3: v_misc_16, minmay_crypt_entry_simple_sparse, v_pattern_1,
          grunt_vaults_hallway_long, v_rooms_4, vaults_mumra_minichess,
          hangedman_vaults_stream, nicolae_vaults_little_squares_2,
          vaults_room_grunt_arrival_ludios, v_misc_11,
          nicolae_vaults_little_squares_4, vaults_dpeg_diagonal, uniq_mara
Vaults:4: v_misc_2, vaults_mumra_minichess_inversion,
          nicolae_vaults_little_squares_2, nicolae_vaults_network_barrier,
          v_rooms_6, grunt_vaults_hallway_short, nicolae_vaults_network_square,
          nicolae_vaults_little_squares_3, v_alt_pattern_2, vaults_room_grid,
          vaults_room_pools, vaults_room_glass_cross,
          ontoclasm_vaults_decontamination, v_misc_14, uniq_boris
Depths:1: cheibrodos_lost_city_excavation, minmay_holes, hell_entry,
          minmay_misc_feat_more_columns, kennysheep_diamond,
          minmay_fountain_box, st_stairs_5, serial_bayou_lagoon_a,
          minmay_guarded_unrand_vampires_tooth, uniq_sojobo
Depths:2: cheibrodos_cascadia, gammafunk_ghost_grave, hell_entry,
          minmay_misc_feat_cross, minivault_15, roderic_lattice_octagonal_star
Depths:3: evilmike_marble_ring, grunt_pan_entry_spiral, pf_coc_iceberg,
          serial_shops, shop, serial_bayou_pond_a, serial_sigils_hangedman_scar,
          hangedman_abyss_or_decor_slice, serial_sigils_hangedman_shear
Depths:4: hangedman_slaughterboxes, abyss_entry, hell_entry
Depths:5: grunt_zot_entry_pinwheel, abyss_entry, serial_shops,
          nicolae_shop_behind_doors, tso_altar, pf_vacation_house_of_asmodeus,
          grunt_decor_fettered, grunt_decor_resistance, roderic_filled_cross,
          uniq_xtahua
Zot:2:    gammafunk_the_bubble, grunt_megastairs_4
IceCv:    ice_cave_statue_garden_transporter
Gauntlet: gammafunk_gauntlet_one_two_three

Skill      XL: |  1  2  3  4  5  6  7  8  9 10 11 12 13 14 15 16 17 18 19 20 21 22 23 24 25 26 |
---------------+-------------------------------------------------------------------------------+-----
Conjurations   | 2 3 4 5 7 12 14 15 17 18 20 21 22 23 | 23.0
Fire Magic     | 1 |  1.1
Summonings     | 2 |  2.0
Air Magic      | 1 7 |  7.1
Poison Magic   | 1 |  1.0
Spellcasting   | 4 6 8 10 12 15 16 17 19 20 21 22 | 22.8
Dodging        | 3 6 9 10 11 13 14 15 | 15.0
Fighting       | 3 6 8 9 10 15 16 18 20 | 20.2
Ice Magic      | 3 7 10 12 14 15 17 18 20 21 22 23 | 23.0
Shields        | 2 4 |  4.0
Charms         | 7 |  7.7
Earth Magic    | 8 |  8.2
Stealth        | |  1.7
Translocations | |  1.0

Action                   |  1- 3 |  4- 6 |  7- 9 | 10-12 | 13-15 | 16-18 | 19-21 | 22-24 | 25-27 || total
-------------------------+-------+-------+-------+-------+-------+-------+-------+-------+-------++-------
Melee: Unarmed           |    24 |       |       |       |       |       |       |       |       ||    24
       Tailslap          |     4 |     5 |    20 |    23 |    39 |     8 |    17 |     3 |     1 ||   120
       Dagger            |       |    89 |   106 |       |       |       |       |       |       ||   195
       Flail             |       |       |    95 |    59 |       |       |       |       |       ||   154
       Rapier            |       |       |       |   167 |   265 |    56 |    92 |    17 |       ||   597
       Staff             |       |       |       |       |       |       |       |     1 |       ||     1
       Spear             |       |       |       |       |       |       |       |     2 |    23 ||    25
Throw: Throwing net      |       |       |       |       |       |     6 |       |       |     2 ||     8
 Cast: Magic Dart        |    84 |    94 |   214 |    10 |       |     1 |       |       |       ||   403
       Call Imp          |    13 |    51 |    43 |       |       |       |       |       |       ||   107
       Mephitic Cloud    |       |       |    12 |    42 |     8 |       |       |       |       ||    62
       Conjure Flame     |       |       |     1 |     4 |       |       |       |       |       ||     5
       Throw Icicle      |       |       |    24 |   385 |  1043 |   619 |   396 |   301 |    50 ||  2818
       Blink             |       |       |     1 |     7 |    10 |     1 |     1 |     1 |       ||    21
       Summon Ice Beast  |       |       |       |     5 |       |       |       |       |       ||     5
       Bolt of Cold      |       |       |       |       |     9 |   303 |   329 |    62 |    48 ||   751
       Freezing Cloud    |       |       |       |       |     1 |     6 |     7 |       |       ||    14
       Orb of Destructio |       |       |       |       |       |       |    33 |    29 |    41 ||   103
       Glaciate          |       |       |       |       |       |       |    45 |   177 |    58 ||   280
       Ozocubu's Armour  |       |       |       |       |       |       |     1 |     1 |       ||     2
       Deflect Missiles  |       |       |       |       |       |       |       |     2 |     4 ||     6
       Iron Shot         |       |       |       |       |       |       |       |       |    74 ||    74
       Passwall          |       |       |       |       |       |       |       |       |    17 ||    17
Invok: Divine Energy     |       |       |       |       |     1 |       |       |       |       ||     1
       Channel Magic     |       |       |       |       |       |       |       |     1 |     3 ||     4
 Abil: Breathe Dispellin |       |       |    26 |     3 |       |       |     4 |       |       ||    33
Evoke: Wand              |       |       |       |     6 |       |       |     2 |     1 |     2 ||    11
  Use: Scroll            |     5 |     5 |     9 |    13 |    11 |     6 |     5 |     9 |    11 ||    74
       Potion            |       |       |       |     4 |       |       |     1 |     3 |     5 ||    13
 Stab: Distracted        |       |     3 |       |       |       |       |       |       |       ||     3
       Confused          |       |       |     2 |     6 |       |       |       |       |       ||     8
       Held in net/web   |       |       |       |       |       |     1 |       |       |       ||     1
  Eat: Chunk             |     4 |    10 |    25 |    30 |    41 |    25 |    45 |    24 |     6 ||   210
       Ration            |       |     1 |     1 |     7 |     4 |    10 |     9 |    17 |     7 ||    56
Armor: Skin              |    28 |    44 |    90 |   147 |   258 |   132 |    70 |    49 |    45 ||   863
Dodge: Dodged            |    29 |    68 |   157 |   442 |   799 |   384 |   382 |   205 |   167 ||  2633
       Deflected         |       |       |       |       |       |       |       |    35 |    13 ||    48
Block: Other             |       |     7 |    79 |    87 |       |       |       |       |       ||   173
       Reflection        |       |       |     1 |     3 |       |       |       |       |       ||     4
       Buckler           |       |       |       |       |       |    45 |   150 |    45 |    46 ||   286

Table legend:
 A = Non-vault XP
 B = Vault XP
 C = Vault XP percentage of total XP
 D = Non-vault monster count
 E = Vault monster count
 F = Vault count percentage of total count
                 A         B        C        D         E       F
            +---------+---------+-------+---------+---------+-------
      Total |  732689 |  723299 |  49.7 |    1486 |     714 |  32.5
            +---------+---------+-------+---------+---------+-------
        D:1 |      38 |      26 |  40.6 |      21 |       3 |  12.5
        D:2 |      23 |     321 |  93.3 |      12 |      10 |  45.5
        D:3 |     100 |       0 |   0.0 |      27 |       0 |   0.0
        D:4 |     277 |       0 |   0.0 |      13 |       0 |   0.0
        D:5 |     705 |       0 |   0.0 |      20 |       0 |   0.0
        D:6 |     752 |     260 |  25.7 |      13 |       3 |  18.8
        D:7 |     895 |       0 |   0.0 |      29 |       0 |   0.0
        D:8 |     641 |     488 |  43.2 |      19 |       9 |  32.1
        D:9 |     843 |       0 |   0.0 |      13 |       0 |   0.0
       D:10 |    3104 |    1400 |  31.1 |      34 |      13 |  27.7
       D:11 |    5013 |    7958 |  61.4 |      33 |      41 |  55.4
       D:12 |    5501 |    1993 |  26.6 |      26 |       2 |   7.1
       D:13 |    9964 |    8243 |  45.3 |      44 |      25 |  36.2
       D:14 |   11582 |       0 |   0.0 |      36 |       0 |   0.0
       D:15 |   17527 |    8690 |  33.1 |      45 |      10 |  18.2
     Lair:1 |    3733 |       0 |   0.0 |      20 |       0 |   0.0
     Lair:2 |    4676 |    2606 |  35.8 |      17 |       4 |  19.0
     Lair:3 |    2302 |       0 |   0.0 |      17 |       0 |   0.0
     Lair:4 |    3749 |    1119 |  23.0 |      15 |       7 |  31.8
     Lair:5 |    7694 |    2088 |  21.3 |      31 |       6 |  16.2
     Lair:6 |   15811 |    2844 |  15.2 |      40 |       5 |  11.1
    Swamp:1 |   13673 |       0 |   0.0 |      40 |       0 |   0.0
    Swamp:2 |   21984 |       0 |   0.0 |      38 |       0 |   0.0
    Swamp:3 |   16517 |    2502 |  13.2 |      44 |       4 |   8.3
    Swamp:4 |    7161 |   19942 |  73.6 |      26 |      30 |  53.6
    Snake:1 |    6523 |    2031 |  23.7 |      14 |       6 |  30.0
    Snake:2 |   14541 |       0 |   0.0 |      27 |       0 |   0.0
    Snake:3 |   22522 |    2274 |   9.2 |      36 |       4 |  10.0
    Snake:4 |   20889 |   43885 |  67.8 |      48 |      67 |  58.3
    Slime:1 |    9068 |       0 |   0.0 |      12 |       0 |   0.0
    Slime:2 |    3614 |       0 |   0.0 |      10 |       0 |   0.0
    Slime:3 |     682 |       0 |   0.0 |       2 |       0 |   0.0
    Slime:4 |   12109 |       0 |   0.0 |      22 |       0 |   0.0
    Slime:5 |   10059 |   27496 |  73.2 |      25 |      12 |  32.4
      Orc:1 |    3232 |    1599 |  33.1 |      24 |       3 |  11.1
      Orc:2 |    7507 |    8199 |  52.2 |      47 |      25 |  34.7
      Elf:1 |   16201 |    8062 |  33.2 |      24 |      11 |  31.4
      Elf:2 |   15578 |    3070 |  16.5 |      32 |       4 |  11.1
      Elf:3 |   14400 |   41640 |  74.3 |      28 |      35 |  55.6
   Vaults:1 |   30287 |   17309 |  36.4 |      70 |      33 |  32.0
   Vaults:2 |   13764 |   16860 |  55.1 |      23 |      19 |  45.2
   Vaults:3 |   50156 |   38312 |  43.3 |      75 |      48 |  39.0
   Vaults:4 |   24671 |   24237 |  49.6 |      35 |      24 |  40.7
   Depths:1 |   20704 |   29592 |  58.8 |      33 |      20 |  37.7
   Depths:2 |   40746 |   36595 |  47.3 |      49 |      23 |  31.9
   Depths:3 |   34047 |   29129 |  46.1 |      44 |      30 |  40.5
   Depths:4 |     282 |  126681 |  99.8 |       1 |      97 |  99.0
   Depths:5 |   44749 |   32328 |  41.9 |      40 |      17 |  29.8
      Zot:1 |   83471 |       0 |   0.0 |      55 |       0 |   0.0
      Zot:2 |   11449 |    1442 |  11.2 |       7 |       3 |  30.0
      Zot:3 |   12439 |       0 |   0.0 |       8 |       0 |   0.0
      Zot:4 |   16390 |       0 |   0.0 |      10 |       0 |   0.0
      Zot:5 |   38344 |  168641 |  81.5 |      12 |      42 |  77.8
      IceCv |       0 |    1854 | 100.0 |       0 |       8 | 100.0
   Gauntlet |       0 |    1583 | 100.0 |       0 |      11 | 100.0
            +---------+---------+-------+---------+---------+-------
